 Dungeon Crawl Stone Soup version 0.25-a0-1133-g93ebf739aa (webtiles) character file.

Game seed: 11531792967881758205, levelgen mode: deterministic

828 Flugslaktarn the Chopper (level 7, -4/66 HPs)
             Began as a Deep Dwarf Fighter on May 20, 2020.
             Slain by an orc warrior
             ... wielding a +0 halberd
              (19 damage)
             ... on level 6 of the Dungeon.
             The game lasted 00:01:20 (2393 turns).

Flugslaktarn the Chopper (Deep Dwarf Fighter)       Turns: 2393, Time: 00:01:21

Health: -4/66      AC:  7    Str: 21    XL:     7   Next: 64%
Magic:  5/5        EV:  7    Int:  9    God:
Gold:   236        SH: 10    Dex: 12    Spells: 6/6 levels left

rFire    . . .     SeeInvis .   a - +0 war axe
rCold    . . .     Gourm    .   c - +0 kite shield
rNeg     . . .     Faith    .   b - +0 scale mail
rPois    .         Spirit   .   (no helmet)
rElec    .         Reflect  .   (no cloak)
rCorr    .         Harm     .   (no gloves)
MR       +....                  (no boots)
Stlth    ..........             (no amulet)
HPRegen  0.00/turn              (no ring)
MPRegen  0.09/turn              (no ring)

@: mighty, non-regenerating, very slow
A: damage resistance, heal wounds, sense surroundings 1, no regeneration
a: Heal Wounds


You were on level 6 of the Dungeon.
You were not hungry.

You visited 2 branches of the dungeon, and saw 7 of its levels.

You collected 236 gold pieces.

Inventory:

Hand Weapons
 a - a +0 war axe (weapon)
Armour
 b - a +0 scale mail (worn)
 c - a +0 kite shield (worn)
Jewellery
 r - an uncursed ring of positive energy {unknown}
   (You found it on level 5 of the Dungeon)
Scrolls
 h - 3 scrolls of teleportation {unknown}
 i - 6 scrolls of identify {unknown}
 j - 2 scrolls of magic mapping {unknown}
 k - 2 scrolls of amnesia {unknown}
 l - a scroll of noise {unknown}
 q - a scroll of fog {unknown}
Potions
 f - a potion of ambrosia {unknown}
 g - 2 potions of resistance {unknown}
 m - 3 potions of curing {unknown}
 n - a potion of lignification {unknown}
 o - a potion of heal wounds {unknown}
Comestibles
 e - 4 rations


   Skills:
 + Level 4.3 Fighting
 * Level 6.3 Axes
 + Level 5.3 Armour
 + Level 5.3 Shields


You had 6 spell levels left.
You didn't know any spells.
Your spell library was empty.

Dungeon Overview and Level Annotations

Branches:
Dungeon (6/15)             Temple (1/1) D:5

Altars:
Ashenzari
Elyvilon
Fedhas
Gozag
Hepliaklqana
Kikubaaqudgha
Okawaru
Qazlal
Sif Muna
Trog
Uskayaw
Vehumet
Wu Jian
Xom
Yredelemnul
Zin

Shops:
D:4 [


Innate Abilities, Weirdness & Mutations

You are resistant to damage.
You can heal yourself by infusing magical energy.
You passively map a small area around you.
You do not regenerate.


Message History

You are too injured to fight recklessly!
You feel much better.
The orc warrior hits you with a +0 halberd.
The electric eel shoots out a bolt of lightning at you!
The bolt of electricity hits you.
You slash the electric eel!
You kill the electric eel!
You hit the plant. You barely miss the orc warrior.
The orc warrior barely misses you.
Your unstable footing causes you to fumble your attack.
The orc warrior hits you with a +0 halberd!!
Your unstable footing causes you to fumble your attack.
You block the orc warrior's attack.
Your unstable footing causes you to fumble your attack.
The orc warrior hits you with a +0 halberd!
* * * LOW HITPOINT WARNING * * *
The orc warrior hits you with a +0 halberd.
* * * LOW HITPOINT WARNING * * *
The orc warrior hits you with a +0 halberd!!
You die...

##### * , ,
#####..≈####### * *
......≈........ ,#
#####..≈.≈.≈.≈. .#
######≈........ .#### *
* * .......≈#######
#....
###.#......######..###..
#............)........
######≈P≈≈.≈.)@......P ,
#≈≈≈≈≈≈≈≈≈≈≈P≈Po.≈..P.≈
,
≈≈≈≈≈≈≈≈≈≈≈≈≈≈≈≈≈≈≈≈≈≈≈
####≈≈≈P≈≈P≈≈≈≈≈≈≈≈≈≈≈≈≈
###.≈..≈≈≈≈≈≈≈≈.PP≈≈ ≈≈
.≈...≈≈≈≈≈P≈≈≈.≈.≈≈ ###*
.......!.........≈≈ ...
..............##... ###
* *


You could see an orc warrior.

Vanquished Creatures
  Eustachio (D:4)
  A phantom (D:4)
  An ogre (D:5)
  A wyvern zombie (D:5)
  A scorpion (D:5)
  An electric eel (D:6)
  A centaur zombie (D:5)
  2 hounds
  A jelly (D:5)
  3 orc priests
  2 orc wizards
  A worker ant (D:4)
  An adder (D:4)
  2 adder skeletons
  A worm (D:4)
  3 leopard geckos
  16 orcs
  A ball python (D:3)
  2 goblins (D:2)
  2 hobgoblins (D:2)
  2 jackals (D:4)
  2 quokkas
  5 bats
  2 frilled lizards
  2 rats (D:2)
57 creatures vanquished.

Notes
Turn   | Place    | Note
-------+----------+-------------------------------------------
     0 | D:1      | Flugslaktarn the Deep Dwarf Fighter began the quest for the
                  | Orb.
     0 | D:1      | Reached XP level 1. HP: 20/20 MP: 1/1
   142 | D:2      | Reached XP level 2. HP: 27/27 MP: 2/2
   292 | D:3      | Reached skill level 3 in Axes
   292 | D:3      | Reached XP level 3. HP: 34/34 MP: 3/3
   351 | D:4      | Found a shimmering blue altar of Sif Muna.
   415 | D:4      | Reached XP level 4. HP: 38/42 MP: 4/4
   442 | D:4      | Found a glowing silver altar of Zin.
   495 | D:4      | Found Kinling's Armour Shop.
   507 | D:4      | Noticed Eustachio
   549 | D:4      | Killed Eustachio
   549 | D:4      | Reached skill level 4 in Axes
   549 | D:4      | Reached XP level 5. HP: 36/49 MP: 5/5
   549 | D:4      | Reached XP level 6. HP: 41/56 MP: 6/6
   638 | D:4      | Found a blossoming altar of Fedhas.
   677 | D:4      | Reached skill level 5 in Axes
  1468 | D:5      | Entered Level 5 of the Dungeon
  1522 | D:5      | Found a staircase to the Ecumenical Temple.
  1568 | Temple   | Entered the Ecumenical Temple
  1745 | D:5      | Reached XP level 7. HP: 27/64 MP: 6/6
  1838 | D:5      | Reached skill level 5 in Armour
  1838 | D:5      | Reached skill level 5 in Shields
  1890 | D:5      | Reached skill level 6 in Axes
  2393 | D:6      | Slain by an orc warrior

Illustrated notes

Levels and vault maps discovered:
D:1:      erik_arrival_triangle_small, layout_rooms, kennysheep_doodads
D:2:      layout_basic, hex_medium, chequers_hall_statues_wall_a
D:3:      layout_rooms, lemuel_round_altar, lemuel_coloured_pillars_altar,
          uniq_ijyb, uniq_jessica
D:4:      layout_basic, lemuel_round_altar, old_standard_altar,
          nicolae_overflow_crystal_walls, serial_shops, shop, minivault_27,
          st_stairs_12, roderic_lattice_a, uniq_eustachio
D:5:      layout_basic, minmay_temple_entry_stoned_glass, first_ration
D:6:      layout_basic, nicolae_ru_path_of_blood, gammafunk_ghost_icy,
          chequers_big_river
Temple:   cyrus_circular_temple

Skill      XL: |  1  2  3  4  5  6  7 |
---------------+----------------------+-----
Fighting       | 3 4 |  4.3
Axes           | 3 4 5 6 |  6.3
Armour         | 4 5 |  5.3
Shields        | 4 5 |  5.3

Action                   |  1- 3 |  4- 6 |  7- 9 || total
-------------------------+-------+-------+-------++-------
Melee: War axe           |    65 |   112 |    74 ||   251
 Abil: Heal Wounds       |     1 |     4 |    13 ||    18
  Use: Potion            |       |       |     1 ||     1
  Eat: Chunk             |       |     3 |     2 ||     5
Armor: Scale mail        |    33 |    52 |    20 ||   105
Dodge: Dodged            |    33 |    39 |    33 ||   105
Block: Kite shield       |    56 |    67 |    51 ||   174

Table legend:
 A = Non-vault XP
 B = Vault XP
 C = Vault XP percentage of total XP
 D = Non-vault monster count
 E = Vault monster count
 F = Vault count percentage of total count
                 A         B        C        D         E       F
            +---------+---------+-------+---------+---------+-------
      Total |     971 |     212 |  17.9 |      55 |       2 |   3.5
            +---------+---------+-------+---------+---------+-------
        D:1 |       6 |       0 |   0.0 |       3 |       0 |   0.0
        D:2 |      14 |       0 |   0.0 |       9 |       0 |   0.0
        D:3 |      55 |       0 |   0.0 |       7 |       0 |   0.0
        D:4 |     283 |     212 |  42.8 |      12 |       2 |  14.3
        D:5 |     511 |       0 |   0.0 |      20 |       0 |   0.0
        D:6 |     102 |       0 |   0.0 |       4 |       0 |   0.0
            +---------+---------+-------+---------+---------+-------
